 Dungeon Crawl Stone Soup version 0.17-a0-1572-g7a1422d (webtiles) character file.

1878 urechis the Basher (level 9, 0/59 HPs)
             Began as a Gargoyle Fighter on July 25, 2015.
             Was a Follower of Makhleb.
             Slain by an ogre
             ... wielding a +0 giant spiked club
              (14 damage)
             ... on level 7 of the Dungeon.
             The game lasted 00:09:33 (5404 turns).

urechis the Basher (Gargoyle Fighter)               Turns: 5404, Time: 00:09:33

Health: 0/59       AC: 19    Str: 20    XL:     9   Next: 14%
Magic:  9/9        EV:  9    Int:  9    God:    Makhleb [*.....]
Gold:   283        SH:  5    Dex: 12    Spells: 0 memorised, 8 levels left

rFire  + . .     SeeInvis .     o - +0 flail (protect)
rCold  . . .     Clarity  .     b - +0 scale mail
rNeg   + . .     SustAt   .     g - +0 buckler
rPois  ∞         Gourm    .     (no helmet)
rElec  +         Spirit   .     f - +0 cloak
rCorr  .         Warding  .     A - +0 pair of gloves
rMut   .         Stasis   .     (no boots)
MR     .....                    (no amulet)
Stlth  ..........               (no ring)
                                y - ring of protection from fire

@: not resistant to hostile enchantments, extremely unstealthy
A: negative energy resistance 1, electricity resistance, unbreathing,
petrification resistance, rot immunity, AC +5
a: Renounce Religion


You were on level 7 of the Dungeon.
You worshipped Makhleb.
Makhleb was aware of your devotion.
You were very hungry.

You visited 2 branches of the dungeon, and saw 8 of its levels.

You collected 283 gold pieces.

Inventory:

Hand weapons
 a - a +0 flail
 l - a +2 whip of freezing
 o - a +0 flail of protection (weapon)
Armour
 b - a +0 scale mail (worn)
 c - a +0 shield
 f - a +0 cloak (worn)
 g - a +0 buckler (worn)
 A - a +0 pair of gloves (worn)
Jewellery
 y - a ring of protection from fire (left hand)
Scrolls
 k - a scroll of teleportation
 q - a scroll of recharging {unknown}
 s - a scroll of amnesia
 t - a scroll of fog {unknown}
 u - 4 scrolls of identify
 v - a scroll of silence {unknown}
 x - a scroll of acquirement {unknown}
Potions
 d - a potion of might
 h - a potion of brilliance {unknown}
 i - 5 potions of curing {unknown}
 n - 2 potions of magic {unknown}
 p - a potion of flight {unknown}
 w - a potion of ambrosia {unknown}
 z - a potion of lignification {unknown}
 B - 2 potions of agility {unknown}
Comestibles
 e - 4 bread rations
 j - a beef jerky
 m - a slice of pizza
 r - 6 fruits


   Skills:
 + Level 7.9 Fighting
 * Level 9.4 Maces & Flails
 - Level 3.2 Armour
 - Level 4.2 Shields


You had 8 spell levels left.
You didn't know any spells.

Dungeon Overview and Level Annotations

Branches:
Dungeon (7/15)             Temple (1/1) D:5

Altars:
Ashenzari
Dithmenos
Elyvilon
Fedhas
Gozag
Kikubaaqudgha
Makhleb
Okawaru
Qazlal
Ru
Sif Muna
Vehumet
Xom
Yredelemnul
Zin
The Shining One

Shops:
D:4 [


Innate Abilities, Weirdness & Mutations

You are resistant to torment.
Your stone body is resilient (AC +5).
You are immune to poison.
You resist negative energy.
You are resistant to electric shocks.
You can survive without breathing.
You are immune to petrification.
You are immune to rotting.


Message History

The hound is moderately wounded.
The hound bites you but does no damage. The hound closely misses you.
You hit the hound.
The hound is moderately wounded.
The hound bites you but does no damage.
You sock the hound!
You kill the hound!
Makhleb accepts your kill.
You can now gain health from killing.
You hit the ogre.
The ogre is lightly wounded.
You block the ogre's attack.
You barely miss the ogre.
The ogre is lightly wounded.
You block the ogre's attack.
You hit the ogre.
The ogre is moderately wounded.
You sock the ogre!
The ogre is heavily wounded.
The ogre hits you with a giant spiked club!
You die...

##### #.... #.... #....
#....
################....
#..@OK..............
......##############>...
...## #.... . #.)..
#.<.. #####


You could see an ogre and a kobold.

Vanquished Creatures
  Pikel (D:4)
  Edmund (D:6)
  The ghost of cmdexe the Gusty, an average TeAE (D:4)
  2 slaves (D:4)
  Duvessa (D:5)
  3 ogres
  An ice beast (D:5)
  A sky beast (D:5)
  Dowan (D:5)
  3 scorpions
  A centaur skeleton (D:6)
  3 hounds
  2 giant frog skeletons (D:6)
  Natasha (thrice) (D:3)
  2 iguanas
  2 worker ants (D:5)
  3 gnolls (D:3)
  4 adders
  An ooze (D:5)
  3 worms
  10 orcs
  A bat zombie (D:6)
  3 giant cockroaches
  9 hobgoblins
  4 jackals
  8 kobolds
  2 quokkas (D:2)
  10 bats
  7 giant geckos
  4 giant newts
  6 goblins
  A quokka skeleton (D:4)
  12 rats
116 creatures vanquished.

Notes
Turn   | Place    | Note
--------------------------------------------------------------
     0 | D:1      | urechis the Gargoyle Fighter began the quest for the Orb.
     0 | D:1      | Reached XP level 1. HP: 14/14 MP: 1/1
   751 | D:1      | Reached XP level 2. HP: 19/19 MP: 2/2
   970 | D:2      | Found an opulent altar of Gozag.
  1035 | D:2      | Reached XP level 3. HP: 21/23 MP: 3/3
  1227 | D:2      | Found a shimmering altar of Xom.
  1430 | D:3      | Noticed Natasha
  1440 | D:3      | Killed Natasha
  1440 | D:3      | Reached skill level 4 in Fighting
  1440 | D:3      | Reached XP level 4. HP: 19/29 MP: 4/4
  1708 | D:3      | Reached XP level 5. HP: 30/34 MP: 5/5
  1729 | D:3      | Noticed Natasha
  1737 | D:3      | Killed Natasha
  2016 | D:3      | Noticed Natasha
  2019 | D:3      | Killed Natasha
  2700 | D:4      | Noticed an ogre
  2711 | D:4      | HP: 1/34 [ogre/giant spiked club (8)]
  2712 | D:4      | Killed an ogre
  2712 | D:4      | Reached skill level 5 in Maces & Flails
  2712 | D:4      | Reached XP level 6. HP: 1/40 MP: 6/6
  2848 | D:4      | Noticed Pikel
  2848 | D:4      | Noticed a slave
  2848 | D:4      | Noticed a slave
  2849 | D:4      | Noticed a slave
  2850 | D:4      | Noticed a slave
  3160 | D:4      | Killed a slave
  3174 | D:4      | Killed a slave
  3380 | D:4      | Killed Pikel
  3380 | D:4      | Reached skill level 6 in Fighting
  3380 | D:4      | Reached skill level 7 in Maces & Flails
  3380 | D:4      | Reached XP level 7. HP: 30/46 MP: 7/7
  3587 | D:4      | Noticed cmdexe's ghost (average TeAE)
  3609 | D:4      | Killed cmdexe's ghost
  3609 | D:4      | Reached XP level 8. HP: 45/51 MP: 8/8
  3688 | D:4      | Found Vaecs's Antique Armour Shoppe.
  3711 | D:5      | Entered Level 5 of the Dungeon
  3763 | D:5      | Found a white marble altar of Elyvilon.
  3919 | D:5      | Noticed Dowan
  3920 | D:5      | Noticed Duvessa
  3928 | D:5      | Killed Duvessa
  3928 | D:5      | Reached skill level 8 in Maces & Flails
  3938 | D:5      | Killed Dowan
  4064 | D:5      | Found a staircase to the Ecumenical Temple.
  4072 | Temple   | Entered the Ecumenical Temple
  4126 | Temple   | Became a worshipper of Makhleb the Destroyer
  4841 | D:6      | Reached skill level 9 in Maces & Flails
  4846 | D:6      | Noticed Edmund
  4889 | D:6      | Killed Edmund
  4889 | D:6      | Reached XP level 9. HP: 50/58 MP: 9/9
  5400 | D:7      | Acquired Makhleb's first power
  5404 | D:7      | Slain by an ogre

Vault maps used:
D:1:      nagdon_arrival_zigzag_paths, due_unseen_surprise
D:2:      tgw_xom, nicolae_overflow_hidden_temple, first_bread,
          grunt_gozag_statues
D:3:      hex_large, uniq_natasha
D:4:      serial_shops, kennysheep_mini, minmay_misc_feat_doors, uniq_pikel
D:5:      elyvilon_altar_4, minmay_temple_entry_trees, uniq_duvessa
D:6:      kennysheep_generic_room_16, uniq_edmund
D:7:      serial_shops, nicolae_shop_stone, nicolae_shop_stone, shop, shop,
          grunt_ogre_cave, grunt_potential
Temple:   nicolae_temple_god_jail

Action                   |  1- 3 |  4- 6 |  7- 9 || total
-------------------------+-------+-------+-------++-------
Melee: Flail             |   102 |   220 |    40 ||   362
       Whip              |       |       |   204 ||   204
Throw: Throwing net      |       |     1 |     1 ||     2
 Abil: Evoke Teleportati |       |     1 |       ||     1
  Use: Scroll            |       |     4 |       ||     4
 Stab: Held in net/web   |       |     1 |     1 ||     2
  Eat: Chunk             |     1 |     8 |     5 ||    14
